 Dungeon Crawl Stone Soup version 0.21.0-37-g46506fa (webtiles) character file.

8929 Mgcat the Geomancer (level 11, -11/67 HPs)
             Began as a Gargoyle Earth Elementalist on Feb 1, 2018.
             Was a Believer of Vehumet.
             Mangled by a red ugly thing (23 damage)
             ... on level 11 of the Dungeon.
             The game lasted 00:38:39 (13039 turns).

Mgcat the Geomancer (Gargoyle Earth Elementalist)  Turns: 13039, Time: 00:38:40

Health: -11/67     AC: 16    Str: 16    XL:     11   Next: 38%
Magic:  8/23       EV: 14    Int: 18    God:    Vehumet [**....]
Gold:   544        SH:  0    Dex: 10    Spells: 17/26 levels left

rFire    . . .     SeeInvis +   y - +7 flail
rCold    . . .     Gourm    .   (no shield)
rNeg     + . .     Faith    .   c - +0 robe
rPois    ∞         Spirit   .   (no helmet)
rElec    +         Reflect  .   z - scarf {repulsion}
rCorr    .         Harm     .   D - +2 pair of gloves
MR       .....                  g - +2 pair of boots
Stlth    ++........             (no amulet)
HPRegen  0.21/turn              t - +3 ring of strength
MPRegen  0.18/turn              i - ring of see invisible

@: repel missiles
A: negative energy resistance 1, electricity resistance, unbreathing,
petrification resistance, rot immunity, AC +8
a: Renounce Religion


You were on level 11 of the Dungeon.
You worshipped Vehumet.
Vehumet was pleased with you.
You were not hungry.

You visited 2 branches of the dungeon, and saw 12 of its levels.
You also visited: Ossuary.

You collected 544 gold pieces.

Inventory:

Hand Weapons
 y - a +7 flail (weapon)
Missiles
 b - 321 stones (quivered)
Armour
 c - a +0 robe (worn)
 g - a +2 pair of boots (worn)
 z - a scarf of repulsion (worn)
 D - a +2 pair of gloves (worn)
 G - a -1 leather armour
Jewellery
 i - a ring of see invisible (right hand)
 t - a +3 ring of strength (left hand)
 A - an uncursed ring of protection from fire
 E - an uncursed ring of ice {unknown}
 F - a +4 ring of protection {unknown}
 J - an uncursed ring of magical power {unknown}
Wands
 e - a wand of enslavement (14)
 h - a wand of paralysis (12)
 l - a wand of iceblast (11)
 n - a wand of polymorph (14)
 u - a wand of flame (16)
 x - a wand of digging (7)
Scrolls
 k - 3 scrolls of identify
 m - 5 scrolls of teleportation
 q - a scroll of fear
 r - 4 scrolls of amnesia
 v - a scroll of remove curse
 H - 2 scrolls of enchant armour
 K - a scroll of holy word {unknown}
Potions
 a - 8 potions of curing
 f - a potion of might
 j - a potion of agility
 o - 2 potions of heal wounds
 p - 5 potions of mutation
 s - 3 potions of flight
 w - 2 potions of brilliance
 B - 4 potions of lignification
 C - a potion of cancellation {unknown}
Comestibles
 d - 22 rations
 I - 5 chunks of flesh


   Skills:
 + Level 7.0 Fighting
 + Level 0.1 Maces & Flails
 + Level 5.6 Dodging
 - Level 2.1 Stealth
 + Level 8.4 Spellcasting
 + Level 8.7 Conjurations
   Level 0.7 Transmutations
 + Level 11.0 Earth Magic


You had 17 spell levels left.
You knew the following spells:

 Your Spells              Type           Power        Failure   Level  Hunger
a - Sandblast             Erth           #####.       1%          1    None
b - Stone Arrow           Conj/Erth      #####.       1%          3    None
c - Lee's Rapid Deconstr  Erth           #####.....   2%          5    #####..


Dungeon Overview and Level Annotations

Branches:
Dungeon (11/15)            Temple (1/1) D:6             Orc (0/2) D:10
   Lair: D:8-11

Altars:
Ashenzari
Cheibriados
Dithmenos
Elyvilon
Fedhas
Gozag
Hepliaklqana
Kikubaaqudgha
Makhleb
Nemelex Xobeh
Okawaru
Qazlal
Ru
Sif Muna
Trog
Uskayaw
Vehumet
Wu Jian
Xom
Yredelemnul
Zin
The Shining One

Shops:
D:9 :


Innate Abilities, Weirdness & Mutations

You are resistant to torment.
Your stone body is resilient. (AC +8)
You are immune to poison.
You resist negative energy. (rN+)
You are resistant to electric shocks. (rElec)
You can survive without breathing.
You are immune to petrification.
You are immune to rotting.


Message History

The red ugly thing is almost dead.
The centaur warrior wields a shortbow.
The centaur warrior shoots an arrow.
The arrow hits you! The red ugly thing headbutts you!
You are engulfed in flames!
* * * LOW HITPOINT WARNING * * *
Casting: Stone Arrow
Confirm with . or Enter, or press ? or * to list all spells.
Aiming: Stone Arrow
Press: ? - help, Shift-Dir - straight line
Okay, then.
Unknown command.
Wield which item (- for none, * to show all)? (? for menu, Esc to quit)
Okay, then.
Unknown command.
Unknown command.
The centaur warrior shoots an arrow.
The arrow hits you but does no damage. The red ugly thing headbutts you.
* * * LOW HITPOINT WARNING * * *
You are engulfed in flames!!
You die...

#.. ...# ####.# ...#
#....##...###
#.....(....
#####.#....###
#........_.#
#.....#....#
###..#.##(##.....
#....#..@.# #.(#.
##........u## ...
#.........c.#.#...
#>......(.........
###.........).##...#
##.........<..## ...
#####.)...((.(..[##
..
#.........###..### .
####.#.......#..#


You could see a red ugly thing and a centaur warrior.

Vanquished Creatures
  A two-headed ogre (D:10)
  An unseen horror (D:10)
  2 ugly things
  A merfolk (D:10)
  A hornet (D:9)
  A troll (D:10)
  A hippogriff (D:9)
  Sigmund (D:5)
  9 yaks (D:10)
  2 wargs (D:10)
  Menkaure (D:5)
  A water moccasin (D:8)
  2 sky beasts
  3 orc warriors
  3 phantoms
  An ice beast (D:9)
  2 ogres (D:6)
  4 centaurs
  A crocodile (D:10)
  A big kobold (D:6)
  6 bullfrogs
  A water moccasin skeleton (D:6)
  2 scorpions
  9 killer bees
  A howler monkey (D:9)
  3 vampire bats (D:4)
  A bullfrog zombie (D:10)
  2 centaur zombies
  A quasit (D:9)
  4 crimson imps
  4 hounds
  2 jellies
  4 centaur skeletons
  5 orc priests
  11 orc wizards
  3 bullfrog skeletons
  Jessica (D:2)
  2 iguanas (D:9)
  8 worker ants
  A killer bee zombie (D:6)
  A big kobold zombie (Ossuary)
  6 mummies (Ossuary)
  A hound skeleton (D:6)
  2 worker ant zombies
  4 gnolls (D:6)
  12 adders
  5 shadow imps
  An ooze (D:1)
  2 worms (D:6)
  2 dart slugs
  3 leopard geckos
  29 orcs
  7 bats
  3 bat skeletons (D:4)
  3 bat zombies (D:4)
  4 giant cockroaches
  3 gnoll zombies (Ossuary)
  8 goblins
  6 hobgoblins
  6 jackals
  3 quokkas
  A ball python (D:1)
  A frilled lizard (D:4)
  A hobgoblin zombie (Ossuary)
  A jackal zombie (D:5)
  7 kobolds
  A kobold zombie (Ossuary)
  A leopard gecko skeleton (D:4)
  An orc zombie (Ossuary)
  A quokka zombie (D:5)
  6 rats (D:2)
242 creatures vanquished.

Vanquished Creatures (others)
  A kobold (D:6)
1 creature vanquished.

Grand Total: 243 creatures vanquished

Notes
Turn   | Place    | Note
-------+----------+-------------------------------------------
     0 | D:1      | Mgcat the Gargoyle Earth Elementalist began the quest for the Orb.
     0 | D:1      | Reached XP level 1. HP: 10/10 MP: 3/3
   319 | D:1      | Reached XP level 2. HP: 15/15 MP: 5/5
   324 | D:1      | Reached skill level 4 in Earth Magic
   735 | D:2      | Reached XP level 3. HP: 16/19 MP: 7/7
  1047 | D:2      | Reached XP level 4. HP: 19/24 MP: 1/8
  1350 | D:2      | Reached skill level 5 in Earth Magic
  1603 | D:2      | Noticed Jessica
  1615 | D:2      | Killed Jessica
  2586 | D:3      | Reached XP level 5. HP: 28/28 MP: 8/10
  2796 | D:4      | Noticed a phantom
  3394 | D:4      | Learned a level 3 spell: Stone Arrow
  3400 | D:4      | Learned a level 5 spell: Lee's Rapid Deconstruction
  3541 | D:4      | Killed a phantom
  3541 | D:4      | Reached skill level 1 in Conjurations
  3541 | D:4      | Reached skill level 6 in Earth Magic
  3541 | D:4      | Reached XP level 6. HP: 22/32 MP: 4/12
  4003 | D:4      | Found an ancient bone altar of Kikubaaqudgha.
  4109 | D:4      | Reached XP level 7. HP: 29/36 MP: 13/13
  4349 | D:5      | Entered Level 5 of the Dungeon
  4482 | D:5      | Noticed Sigmund
  4486 | D:5      | Killed Sigmund
  4486 | D:5      | Reached skill level 7 in Earth Magic
  4488 | D:5      | Reached skill level 5 in Spellcasting
  4637 | D:5      | Noticed Menkaure
  4640 | D:5      | Killed Menkaure
  4640 | D:5      | Reached XP level 8. HP: 41/41 MP: 13/16
  4780 | D:5      | Found a sand-covered staircase.
  4790 | Ossuary  | Entered an ossuary
  5721 | D:6      | Reached skill level 8 in Earth Magic
  5922 | D:6      | Reached skill level 5 in Conjurations
  5926 | D:6      | Reached skill level 1 in Fighting
  6319 | D:6      | Found a shimmering altar of Xom.
  6320 | D:6      | Found a hazy altar of Hepliaklqana.
  6321 | D:6      | Noticed a spectral ugly thing
  6376 | D:6      | Found a sacrificial altar of Ru.
  6497 | D:6      | Found a staircase to the Ecumenical Temple.
  6529 | Temple   | Entered the Ecumenical Temple
  6534 | Temple   | Became a worshipper of Vehumet
  6570 | D:6      | Found a white marble altar of Elyvilon.
  6587 | D:6      | Reached XP level 9. HP: 35/49 MP: 15/18
  7949 | D:7      | Reached skill level 9 in Earth Magic
  8210 | D:8      | Reached * piety under Vehumet
  8210 | D:8      | Offered knowledge of Shock by Vehumet.
  8564 | D:8      | Found a basalt altar of Yredelemnul.
  8576 | D:8      | Found an ornate altar of the Wu Jian Council.
  8783 | D:8      | Found a glowing silver altar of Zin.
  8783 | D:8      | Found a shattered altar of Ashenzari.
  8783 | D:8      | Found a shadowy altar of Dithmenos.
  8785 | D:8      | Found a hide-covered altar of Uskayaw.
  8785 | D:8      | Found an ornate altar of the Wu Jian Council.
  8785 | D:8      | Noticed a brown ugly thing
  8804 | D:8      | Killed a brown ugly thing
  9197 | D:9      | Found a glowing golden altar of the Shining One.
  9218 | D:9      | Reached XP level 10. HP: 58/58 MP: 4/20
  9997 | D:9      | Reached skill level 5 in Fighting
 10536 | D:9      | Found Ribohas's Book Shoppe.
 10584 | D:9      | Reached skill level 10 in Earth Magic
 10635 | D:9      | Reached ** piety under Vehumet
 10694 | D:9      | Offered knowledge of Throw Frost by Vehumet.
 10811 | D:10     | Entered Level 10 of the Dungeon
 10827 | D:10     | Noticed a two-headed ogre
 10837 | D:10     | Killed a two-headed ogre
 11198 | D:10     | Reached skill level 5 in Dodging
 11605 | D:10     | Offered knowledge of Searing Ray by Vehumet.
 11605 | D:10     | Reached XP level 11. HP: 64/64 MP: 20/23
 11931 | D:10     | Noticed a cyan ugly thing
 11939 | D:10     | Killed a cyan ugly thing
 12367 | D:10     | Found a staircase to the Orcish Mines.
 12548 | D:10     | Noticed an unseen horror
 12554 | D:10     | Killed an unseen horror
 12554 | D:10     | Reached skill level 11 in Earth Magic
 12952 | D:11     | Found a snail-covered altar of Cheibriados.
 13020 | D:11     | Noticed a red ugly thing
 13035 | D:11     | Noticed a centaur warrior
 13039 | D:11     | Mangled by a red ugly thing

Skill      XL: |  1  2  3  4  5  6  7  8  9 10 11 |
---------------+----------------------------------+-----
Earth Magic    | 4 5 6 7 8 9 10 11 | 11.0
Spellcasting   | 3 4 5 6 7 8 |  8.4
Conjurations   | 1 2 4 5 6 8 |  8.7
Fighting       | 2 4 6 7 |  7.0
Dodging        | 2 3 5 |  5.6
Maces & Flails | |  0.1
Stealth        | |  2.1
Transmutations | |  0.7

Action                   |  1- 3 |  4- 6 |  7- 9 | 10-12 || total
-------------------------+-------+-------+-------+-------++-------
Melee: Club              |    40 |       |       |       ||    40
       Dagger            |    23 |    99 |       |       ||   122
       Flail             |       |    52 |   263 |    98 ||   413
 Cast: Sandblast         |    11 |    29 |    48 |    33 ||   121
       Stone Arrow       |       |     1 |    32 |    93 ||   126
       Lee's Rapid Decon |       |       |       |     5 ||     5
  Use: Scroll            |       |       |    20 |     7 ||    27
       Potion            |       |       |     3 |       ||     3
 Stab: Sleeping          |     1 |     1 |     5 |     1 ||     8
  Eat: Chunk             |     1 |     6 |    14 |    14 ||    35
       Ration            |       |     1 |     1 |       ||     2
Armor: Robe              |    19 |    73 |   127 |    85 ||   304
Dodge: Dodged            |    42 |   112 |   199 |   176 ||   529
       Deflected         |       |       |     1 |     4 ||     5
